 Dungeon Crawl Stone Soup version 0.27-a0-836-gfc908b8576 (webtiles) character file.

Game seed: 1413133919904719044

366 polve the Ruffian (level 6, -3/51 HPs)
             Began as a Draconian Transmuter on Apr 1, 2021.
             Slain by a killer bee (4 damage)
             ... on level 9 of the Dungeon.
             The game lasted 00:03:51 (4823 turns).

polve the Ruffian (Draconian Transmuter)            Turns: 4823, Time: 00:03:52

Health: -3/51      AC:  6    Str: 13    XL:     6   Next: 40%
Magic:  9/9        EV: 12    Int: 15    God:
Gold:   133        SH:  0    Dex: 11    Spells: 8/9 levels left

rFire    . . .     SeeInvis .     - Unarmed
rCold    . . .     Faith    .   (no shield)
rNeg     . . .     Spirit   .   (armour unavailable)
rPois    .         Reflect  .   (helmet restricted)
rElec    .         Harm     .   (no cloak)
rCorr    .         Rampage  .   (no gloves)
Will     .....                  (no boots)
Stlth    +.........             (no amulet)
HPRegen  0.17/turn              (no ring)
MPRegen  0.11/turn              (no ring)

@: lethally poisoned (-3 -> -17), weak-willed
A: AC +6, unfitting armour, cold-blooded
a: no special abilities


You were on level 9 of the Dungeon.
You visited 1 branch of the dungeon, and saw 6 of its levels.

You collected 133 gold pieces.

Inventory:

Jewellery
 d - a ring of resist corrosion
 h - an amulet of magic regeneration
Scrolls
 f - 3 scrolls of identify
 j - a scroll of immolation
Potions
 a - a potion of lignification {unknown}
 b - 2 potions of magic {unknown}
 e - a potion of berserk rage {unknown}
 i - a potion of brilliance {unknown}


   Skills:
 + Level 3.4 Fighting
 - Level 1.7 Dodging
 * Level 5.4 Unarmed Combat
 - Level 2.0 Spellcasting
 - Level 4.0 Transmutations


You had 8 spell levels left.
You knew the following spells:

 Your Spells              Type           Power      Damage    Failure   Level
a - Beastly Appendage     Tmut           26%        N/A       4%          1

Your spell library contained the following spells:

 Spells                   Type           Power      Damage    Failure   Level
 Wereblood                Tmut           13%        N/A       6%          2
 Spider Form              Tmut/Pois      3%         N/A       28%         3
 Ice Form                 Ice/Tmut       7%         N/A       67%         4
 Hydra Form               Tmut           6%         N/A       75%         5


Dungeon Overview and Level Annotations

Branches:
Dungeon (7/15)
 Temple: D:4-7

Altars:
Gozag
Kikubaaqudgha
Makhleb
Nemelex Xobeh
Uskayaw
The Shining One


Innate Abilities, Weirdness & Mutations

Your plain brown scales are hard. (AC +6)
You cannot fit into any form of body armour.
You are cold-blooded and may be slowed by cold attacks.


Message History

The killer bee closely misses your orc wizard.
The killer bee stings you.
You are more poisoned.
The killer bee poisons you!
Your gnoll completely misses the killer bee.
The howler monkey hits your gnoll shaman!
The killer bee stings you! x2
You are more poisoned.
The killer bee poisons you!
Your gnoll shaman closely misses the howler monkey.
You feel very sick. The killer bee stings you!
* * * LOW HITPOINT WARNING * * *
You are more poisoned.
The killer bee poisons you!
The howler monkey hits your gnoll shaman.
The killer bee closely misses you. The killer bee misses you.
Your orc wizard misses the killer bee.
Your gnoll shaman hits the howler monkey with a +0 club.
The killer bee misses you.
The howler monkey hits your gnoll shaman.
The howler monkey hits your orc but does no damage.
You are too injured to fight recklessly!
* * * LOW HITPOINT WARNING * * *
You feel very sick. The killer bee stings your gnoll.
Your gnoll dies!
Your gnoll's corpse dissolves into shadows!
The killer bee stings you but does no damage.
Your gnoll shaman barely misses the howler monkey.
The howler monkey hits your gnoll shaman.
Your gnoll shaman dies!
Your gnoll shaman's corpse dissolves into shadows!
The killer bee closely misses you.
The howler monkey howls!
Found a stone staircase leading down.
* * * LOW HITPOINT WARNING * * *
You feel very sick.
Your orc barely misses the killer bee.
The killer bee stings you.
You die...

#.......♣≈≈..≈≈♣≈,,,,,,,,*
******#.......hg♣..≈♣*,,,,,,,,,*
,,,,...............≈♣,,,,,,,,,,**
,,,,....>..........P♣,,,,,,,,,,,,
,,,,........go.#...##******,,,,,,
,,,,.........oy##### *,,****
,,,,..........y#########***,,****
,,,,..........yy........,,,,,,,,,
,,,,...........y@.......,,,,,,,,,
,,,,,,,.................,,,,,,,,,
,,,,,,,.................,,,,,,,,,
,,,,,,,.................,,,,,,,,,
,,,,,,,.................,,,,,,,,,
,>,,,,,.................,,,,,,,,,
,,,,,<,,.........>......,,,,,,,,,
*********###############*********


You could see 5 killer bees, a friendly orc wizard (summoned, invisible,
weak-willed), a friendly gnoll (summoned, weak-willed) and a friendly orc
(summoned, weak-willed).

Vanquished Creatures
  A black bear (D:4)
  A necrophage (D:4)
  An orc wizard (D:4)
  A hound skeleton (D:4)
  3 adders
  A worm (D:2)
  4 dart slugs
  9 orcs
  7 endoplasms
  13 goblins
  6 hobgoblins
  7 jackals (D:1)
  6 quokkas
  3 ball pythons
  6 bats
  3 frilled lizards
  4 kobolds
  3 rats
79 creatures vanquished.

Vanquished Creatures (collateral kills)
  A killer bee (D:9)
1 creature vanquished.

Vanquished Creatures (others)
  A plant (D:9)
1 creature vanquished.

Grand Total: 81 creatures vanquished

Notes
Turn   | Place    | Note
-------+----------+-------------------------------------------
     0 | D:1      | polve the Draconian Transmuter began the quest for the Orb.
     0 | D:1      | Reached XP level 1. HP: 16/16 MP: 3/3
   442 | D:1      | Reached XP level 2. HP: 20/23 MP: 5/5
  1137 | D:1      | Reached XP level 3. HP: 27/28 MP: 4/6
  2229 | D:2      | Reached XP level 4. HP: 23/35 MP: 5/7
  2591 | D:2      | Found a sparkling altar of Nemelex Xobeh.
  3111 | D:3      | Found an opulent altar of Gozag.
  3240 | D:3      | Found a hide-covered altar of Uskayaw.
  3240 | D:3      | Noticed a +0 spear
  3241 | D:3      | Noticed a +0 dagger
  3242 | D:3      | Noticed a +0 short sword
  3242 | D:3      | Noticed a +0 short sword
  3243 | D:3      | Noticed a +0 dagger
  3243 | D:3      | Noticed a +0 spear
  3243 | D:3      | Noticed a +0 falchion
  3245 | D:3      | Noticed a +0 falchion
  3322 | D:3      | Found a glowing golden altar of the Shining One.
  3777 | D:4      | Noticed a black bear
  3792 | D:4      | Killed a black bear
  3793 | D:4      | Reached skill level 4 in Unarmed Combat
  3793 | D:4      | Reached XP level 5. HP: 4/42 MP: 6/8
  4079 | D:4      | Noticed a necrophage
  4091 | D:4      | Killed a necrophage
  4092 | D:4      | Reached skill level 5 in Unarmed Combat
  4092 | D:4      | Reached XP level 6. HP: 21/51 MP: 9/9
  4694 | D:4      | Found an ancient bone altar of Kikubaaqudgha.
  4697 | D:4      | Found a burning altar of Makhleb.
  4809 | D:4      | You fall into a shaft and drop 3 floors!
  4810 | D:7      | You fall into a shaft and drop 2 floors!
  4823 | D:9      | HP: 1/51 [poisoned by a killer bee]
  4823 | D:9      | Slain by a killer bee

Illustrated notes

Levels and vault maps discovered:
D:1:      lightli_iron_boxes, layout_loops_ring
D:2:      layout_loops_corners, nemelex_xobeh_ov_fountains_minmay
D:3:      layout_loops_ring, lemuel_doored_altar,
          nicolae_gozag_cash_rules_everything_around_me,
          nicolae_uskayaw_en_pointe
D:4:      layout_cave_pools, nicolae_overflow_hidden_temple
D:7:      layout_layer_cave, serial_shops, shop
D:9:      layout_long_grid, kennysheep_little_box, serial_bayou,
          serial_bayou_crossing, serial_bayou_pond_a, serial_bayou_pond_d,
          serial_bayou_pond_d, serial_bayou_ford_a, serial_bayou_pond_e,
          special_room [special_room_orc]

Skill      XL: |  1  2  3  4  5 |
---------------+----------------+-----
Transmutations | 3 4 |  4.0
Fighting       | 2 3 |  3.4
Unarmed Combat | 4 5 |  5.4
Dodging        | |  1.7
Spellcasting   | |  2.0

Action                   |  1- 3 |  4- 6 || total
-------------------------+-------+-------++-------
Melee: Unarmed           |   128 |   116 ||   244
       Tailslap          |     8 |     9 ||    17
       Headbutt          |    15 |    22 ||    37
       Kick              |    14 |    21 ||    35
       Punch             |     1 |     1 ||     2
 Cast: Beastly Appendage |    26 |    27 ||    53
  Use: Scroll            |       |     4 ||     4
 Stab: Sleeping          |     4 |       ||     4
Armor: Skin              |    32 |    50 ||    82
Dodge: Dodged            |    62 |    65 ||   127

Table legend: (Time is in decaauts)
 A = Elapsed time spent in this place.
 B = Non-inter-level travel time spent in this place.
 C = Inter-level travel time spent in this place.
 D = Time resting spent in this place.
 E = Time spent auto-exploring this place.
 F = Levels seen in this place.
 G = Mean time per level.
                   A        B        C        D        E       F      G
               +--------+--------+--------+--------+--------+-----+--------+
         Total |   4805 |   4717 |     88 |      0 |   4163 |   6 |  800.8 |
       Dungeon |   4805 |   4717 |     88 |      0 |   4163 |   6 |  800.8 |
               +--------+--------+--------+--------+--------+-----+--------+

Top non-repeatable levels by time:
     D:1: 1669 daAuts
     D:2: 1280 daAuts
     D:3: 933 daAuts
     D:4: 909 daAuts
     D:9: 12 daAuts
     D:7: 0 daAuts
